 Dungeon Crawl Stone Soup version 0.20.2-3-g29329e0561 (webtiles) character file.

198 Alfie the Covered (level 5, 0/46 HPs)
             Began as a Hill Orc Fighter on Mar 13, 2024.
             Slain by a hound (4 damage)
             ... on level 4 of the Dungeon.
             The game lasted 00:04:54 (2433 turns).

Alfie the Covered (Hill Orc Fighter)                Turns: 2433, Time: 00:04:55

Health: 0/46       AC:  9    Str: 25    XL:     5   Next: 77%
Magic:  5/5        EV:  8    Int:  8    God:
Gold:   153        SH: 10    Dex: 10    Spells: 4/4 levels left

rFire    . . .     SeeInvis .   a - +0 rapier
rCold    . . .     Gourm    .   c - +0 shield
rNeg     . . .     Faith    .   b - +0 scale mail
rPois    .         Spirit   .   (no helmet)
rElec    .         Reflect  .   o - +0 cloak
rCorr    .         Harm     .   (no gloves)
MR       .....                  t - +0 pair of boots
Stlth    ..........             (no amulet)
Regen    0.2/turn               (no ring)
MPRegen  0.1/turn               (no ring)

@: mighty
A: no striking features
a: no special abilities


You were on level 4 of the Dungeon.
You were not hungry.

You visited 1 branch of the dungeon, and saw 4 of its levels.

You collected 153 gold pieces.

Inventory:

Hand Weapons
 a - a +0 rapier (weapon)
Armour
 b - a +0 scale mail (worn)
 c - a +0 shield (worn)
 o - a +0 cloak (worn)
 t - a +0 pair of boots (worn)
Wands
 i - a wand of random effects (33/48)
Scrolls
 d - a scroll of random uselessness {unknown}
 e - 2 scrolls of amnesia {unknown}
 g - a scroll of fear {unknown}
 l - a scroll of teleportation {unknown}
 q - a scroll of enchant armour {unknown}
 r - a scroll of identify
 s - a scroll of remove curse {unknown}
Potions
 h - 2 potions of heal wounds {unknown}
 j - 4 potions of curing
 k - 2 potions of brilliance {unknown}
 n - 2 potions of haste {unknown}
 p - a potion of invisibility {unknown}
Comestibles
 f - 5 bread rations
 m - 2 fruits
 u - a royal jelly


   Skills:
 + Level 4.2 Fighting
 + Level 3.6 Short Blades
 + Level 4.4 Armour
 + Level 0.4 Dodging
 + Level 0.6 Stealth
 + Level 4.3 Shields


You had 4 spell levels left.
You didn't know any spells.

Dungeon Overview and Level Annotations

Branches:
Dungeon (4/15)
 Temple: D:4-7

Altars:
Cheibriados
Gozag
Nemelex Xobeh
Vehumet

Annotations:
D:4 Eustachio


Message History

You puncture Eustachio!
Eustachio is heavily wounded.
Eustachio barely misses you.
You hit Eustachio.
Eustachio is severely wounded.
You block the hound's attack.
Eustachio mumbles some strange words.
Eustachio blinks!
The hound closely misses you.
You hit the ooze.
The ooze is lightly wounded.
You block the hound's attack. The ooze closely misses you.
You puncture the ooze!
The ooze is almost dead.
You block the hound's attack. The hound barely misses you. The ooze hits you.
* * * LOW HITPOINT WARNING * * *
Eustachio gestures wildly while chanting.
You puncture the ooze!
You kill the ooze!
The hound bites you but does no damage. The hound bites you.
You die...

##....### #
........ #.
#....#.#
..#.......
...(..#.#
#..#..5@#.#
#..##.#.#.###
#.....h@....#
#..######.#.#
#..# #.# ..
#..# #.# ##
#..######.#
#.........#
###.########
#...# #.###


You could see Eustachio, a hound and a shadow imp.

Vanquished Creatures
  An ogre (D:4)
  2 worker ants (D:4)
  2 adders
  An ooze (D:4)
  3 dart slugs
  4 leopard geckos
  A giant cockroach (D:3)
  6 goblins
  5 hobgoblins
  A ball python (D:2)
  6 bats
  2 frilled lizards (D:2)
  6 kobolds
  6 rats
46 creatures vanquished.

Notes
Turn   | Place    | Note
-------+----------+-------------------------------------------
     0 | D:1      | Alfie the Hill Orc Fighter began the quest for the Orb.
     0 | D:1      | Reached XP level 1. HP: 19/19 MP: 1/1
    87 | D:1      | Reached XP level 2. HP: 23/27 MP: 2/2
   626 | D:2      | Reached XP level 3. HP: 26/33 MP: 3/3
   721 | D:2      | Found a radiant altar of Vehumet.
   801 | D:2      | Found a faded altar of an unknown god.
  1333 | D:3      | Found a snail-covered altar of Cheibriados.
  1517 | D:3      | Found an opulent altar of Gozag.
  1705 | D:3      | Found a sparkling altar of Nemelex Xobeh.
  1712 | D:3      | Reached XP level 4. HP: 40/40 MP: 4/4
  2326 | D:4      | Noticed a phantom
  2401 | D:4      | Noticed an ogre
  2404 | D:4      | HP: 2/40 [ogre/giant club (13)]
  2406 | D:4      | Killed an ogre
  2406 | D:4      | Reached XP level 5. HP: 2/46 MP: 5/5
  2423 | D:4      | Noticed Eustachio
  2433 | D:4      | Slain by a hound

Skill      XL: |  1  2  3  4 |
---------------+-------------+-----
Fighting       | 4 |  4.2
Shields        | 4 |  4.3
Short Blades   | 3 |  3.6
Armour         | 4 |  4.4
Dodging        | |  0.4
Stealth        | |  0.6

Action                   |  1- 3 |  4- 6 || total
-------------------------+-------+-------++-------
Melee: Rapier            |   114 |    60 ||   174
  Use: Scroll            |     1 |       ||     1
       Potion            |       |     2 ||     2
  Eat: Fruit             |     3 |       ||     3
       Royal jelly       |       |     1 ||     1
Armor: Scale mail        |    64 |    24 ||    88
Dodge: Dodged            |    47 |    16 ||    63
Block: Shield            |    76 |    24 ||   100
